 Dungeon Crawl Stone Soup version 0.18-a0-1572-g0a86841 (webtiles) character file.

67 M4edhros the Poker (level 4, -4/31 HPs)
             Began as an Octopode Chaos Knight on Mar 15, 2016.
             Slain by a gnoll
             ... wielding a +0 spear
              (11 damage)
             ... on level 3 of the Dungeon.
             The game lasted 00:02:21 (1718 turns).

M4edhros the Poker (Octopode Chaos Knight)          Turns: 1718, Time: 00:02:21

Health: -4/31      AC:  1    Str: 11    XL:     4   Next: 18%
Magic:  4/4        EV: 12    Int: 14    God:    Xom [*.....]
Gold:   66         SH:  0    Dex: 12    Spells: 0 memorised, 3 levels left

rFire  . . .     SeeInvis .     a - +0 spear (chaos)
rCold  . . .     Gourm    .     (no shield)
rNeg   . . .     Faith    .     (helmet restricted)
rPois  .         Spirit   .     (no amulet)
rElec  .         Dismiss  .     (no ring)
rCorr  .         Reflect  .     (no ring)
SustAt .         Harm     .     (no ring)
MR     .....                    (no ring)
Stlth  ++........               (no ring)
                                (no ring)
                                (no ring)
                                (no ring)

@: not resistant to hostile enchantments, unstealthy
A: almost no armour, amphibious, 8 rings, constrict 8, camouflage 1, gelatinous
body 1
a: Renounce Religion


You were on level 3 of the Dungeon.
You worshipped Xom.
You were a special plaything of Xom.
You were hungry.

You visited 1 branch of the dungeon, and saw 3 of its levels.

You collected 66 gold pieces.

Inventory:

Hand Weapons
 a - a +0 spear of chaos (weapon)
 j - a +3 dagger
Magical Staves
 p - an uncursed staff of wizardry
Scrolls
 f - a scroll of teleportation {unknown}
 g - a scroll of immolation {unknown}
 h - a scroll of fog {unknown}
 k - 2 scrolls of identify {unknown}
 m - a scroll of fear {unknown}
Potions
 d - a potion of curing
 i - a potion of heal wounds {unknown}
 l - a potion of flight {unknown}
 n - a potion of haste {unknown}
 q - a potion of cancellation {unknown}
Comestibles
 b - 3 bread rations
 c - a meat ration
 o - 4 chunks of flesh


   Skills:
 - Level 3.0 Fighting
 + Level 4.9 Polearms
 - Level 2.3 Dodging


You had 3 spell levels left.
You didn't know any spells.

Dungeon Overview and Level Annotations

Branches:
Dungeon (3/15)

Altars:
Dithmenos
Xom

Annotations:
D:3 Fartwhistle's ghost, amateur DsGl


Innate Abilities, Weirdness & Mutations

You cannot wear most types of armour.
You are amphibious.
You can wear up to eight rings at the same time.
You can use your tentacles to constrict eight enemies at once.
Your skin changes colour to match your surroundings (Stealth).
Your rubbery body absorbs attacks (AC +1).


Message History

You catch the helpless gnoll momentarily off-guard.
You hit the gnoll.
The gnoll is duplicated!
Your grab misses the gnoll.
The gnoll is severely wounded.
Fartwhistle's ghost hits the gnoll but does no damage.
The gnoll barely misses your iron imp. The gnoll hits you with a spear.
You barely miss the gnoll. You grab the gnoll.
The gnoll is severely wounded.
You constrict the gnoll.
Your iron imp hits Fartwhistle's ghost.
You hit the gnoll. You freeze the gnoll. Your grab misses the gnoll.
The gnoll is almost dead.
You constrict the gnoll. The gnoll hits you with a spear!
* * * LOW HITPOINT WARNING * * *
The gnoll hits you with a spear.
* * * LOW HITPOINT WARNING * * *
Your iron imp barely misses Fartwhistle's ghost.
Unknown command.
Drink which item? (? for menu, Esc to quit)
You feel better.
You constrict the gnoll. The gnoll barely misses you.
The gnoll hits you with a spear!
You die...

##### ##...# ##############
##....# ........<....#
#.._..###############.#..#.#
.........?.....gW..#....##.#.#
....g.......5..g@5.............
############.#####.#..#....#.##
#.# #.#.h######. ####........ #
#..# ... #........... #..#
#§####### #.##.........
#.s##§§§#..... #.##g........#
#.§#.#.#§#... #.##.w.......#
#.§§§.§.§l.
#.##.........##.#..#§#§#§#


You could see Fartwhistle's ghost (confused), 2 gnolls, a friendly iron imp and
a friendly white imp (confused).

Vanquished Creatures
  An adder (D:2)
  An ooze (D:2)
  A worm (D:2)
  3 dart slugs
  A giant gecko (D:2)
  3 orcs (D:3)
  2 giant cockroaches
  7 goblins
  2 hobgoblins
  2 jackals (D:2)
  4 bats (D:1)
  2 giant newts
  7 kobolds
  5 rats
41 creatures vanquished.

Notes
Turn   | Place    | Note
--------------------------------------------------------------
     0 | D:1      | M4edhros the Octopode Chaos Knight began the quest for the Orb.
     0 | D:1      | Reached XP level 1. HP: 16/16 MP: 1/1
   181 | D:1      | Reached XP level 2. HP: 17/21 MP: 2/2
   397 | D:1      | XOM: silly message
   589 | D:1      | XOM: cast spell 'Summon Butterflies'
   755 | D:1      | XOM: harmless Fire miscast
   885 | D:2      | Reached skill level 4 in Polearms
   924 | D:2      | Reached XP level 3. HP: 24/26 MP: 3/3
  1355 | D:2      | XOM: silly message
  1441 | D:3      | Found a shadowy altar of Dithmenos.
  1461 | D:3      | Reached XP level 4. HP: 31/31 MP: 4/4
  1462 | D:3      | Noticed Fartwhistle's ghost (amateur DsGl)
  1466 | D:3      | XOM: potion effect (might)
  1472 | D:3      | XOM: polymorph hobgoblin -> giant gecko
  1677 | D:3      | Found a shimmering altar of Xom.
  1679 | D:3      | XOM: harmless Tloc miscast
  1691 | D:3      | XOM: noise
  1695 | D:3      | XOM: summons 4 friendly demons
  1700 | D:3      | XOM: confusion (+ monsters)
  1717 | D:3      | HP: 1/31 [gnoll/spear (3)]
  1718 | D:3      | Slain by a gnoll

Vault maps used:
D:1:      tarquinn_simple_flora_water_b
D:3:      nicolae_overflow_hidden_temple, xom_butterflies,
          grunt_dithmenos_smoke_and_mirrors

Skill      XL: |  1  2 |
---------------+-------+-----
Polearms       | 4 |  4.9
Fighting       | |  3.0
Dodging        | |  2.3

Action                   |  1- 3 |  4- 6 || total
-------------------------+-------+-------++-------
Melee: Spear             |    79 |    28 ||   107
  Use: Potion            |       |     3 ||     3
 Stab: Sleeping          |    12 |     1 ||    13
       Distracted        |     1 |     1 ||     2
       Confused          |       |     3 ||     3
  Eat: Chunk             |     1 |     1 ||     2
